 Dungeon Crawl Stone Soup version 0.21.1-1-g345015fe64 (webtiles) character file.

7884 Kohma the Covert (level 11, -2/47 HPs)
             Began as a Spriggan Venom Mage on June 26, 2018.
             Was a Follower of Nemelex Xobeh.
             Slain by a two-headed ogre
             ... wielding a +0 giant spiked club
              (13 damage)
             ... on level 9 of the Dungeon.
             The game lasted 00:41:16 (14773 turns).

Kohma the Covert (Spriggan Venom Mage)             Turns: 14773, Time: 00:41:16

Health: -2/47      AC:  6    Str:  5    XL:     11   Next: 2%
Magic:  7/21       EV:  4    Int: 26    God:    Nemelex Xobeh [*.....]
Gold:   381        SH:  0    Dex: 17    Spells: 7/22 levels left

rFire    . . .     SeeInvis +   B - +5 short sword
rCold    . . .     Gourm    .   (shield restricted)
rNeg     + + +     Faith    .   J - +0 troll leather armour
rPois    ∞         Spirit   .   u - +1 hat
rElec    .         Reflect  .   t - +0 cloak
rCorr    .         Harm     .   (gloves unavailable)
MR       +....                  (boots unavailable)
Stlth    ++++......             (no amulet)
HPRegen  0.55/turn              y - +5 ring of intelligence
MPRegen  0.17/turn              H - +2 ring of intelligence

@: petrified, marked, starving, very quick
A: very small, unfitting armour, see invisible, herbivore, speed 3, slow
metabolism 2
a: Renounce Religion


You were on level 9 of the Dungeon.
You worshipped Nemelex Xobeh.
Nemelex Xobeh was aware of your devotion.
You were starving.

You visited 2 branches of the dungeon, and saw 10 of its levels.

You collected 591 gold pieces.
You spent 210 gold pieces at shops.

Inventory:

Hand Weapons
 g - a +3 dagger of holy wrath
 j - a +0 shortbow of flaming
 v - a +0 blowgun
 B - a +5 short sword (weapon)
 C - a +1 dagger of venom
 D - a cursed -1 dagger
 E - a +3 short sword
Missiles
 o - 9 tomahawks (quivered)
 p - 60 bolts
 r - 122 arrows
 w - 55 poisoned needles
 z - a throwing net
Armour
 a - a +0 robe
 t - a +0 cloak (worn)
 u - a +1 hat (worn)
 J - a +0 troll leather armour (worn)
Jewellery
 y - a +5 ring of intelligence (left hand)
 H - a +2 ring of intelligence (right hand)
Wands
 l - a wand of polymorph (24)
 A - a wand of iceblast (7)
Scrolls
 e - a scroll of teleportation
 i - 7 scrolls of amnesia
 q - 2 scrolls of remove curse
 F - a scroll of magic mapping
 I - a scroll of identify
Potions
 d - a potion of might
 f - a potion of flight
 k - a potion of ambrosia {unknown}
 m - 4 potions of curing
 n - 2 potions of lignification
 x - a potion of resistance {unknown}
Books
 b - a Young Poisoner's Handbook

   Spells                             Type                      Level
   a - Sting                          Conjuration/Poison           1
   b - Poisonous Vapours              Poison/Air                   2
   c - Mephitic Cloud                 Conjuration/Poison/Air       3
   d - Olgreb's Toxic Radiance        Poison                       4
   e - Venom Bolt                     Conjuration/Poison           5
 h - a book of Maledictions

   Spells                             Type                      Level
   a - Corona                         Hexes                        1
   b - Ensorcelled Hibernation        Hexes/Ice                    2
   c - Confuse                        Hexes                        3
   d - Tukima's Dance                 Hexes                        3
   e - Dazzling Spray                 Conjuration/Hexes            3
Miscellaneous
 s - a plain deck of destruction
 G - a plain deck of escape
Comestibles
 c - 17 rations


   Skills:
 + Level 8.3 Short Blades
 - Level 8.0 Dodging
 - Level 10.2 Stealth
 - Level 6.0 Spellcasting
 - Level 2.2 Conjurations
 - Level 5.1 Hexes
 - Level 4.1 Ice Magic
 + Level 3.7 Air Magic
 + Level 9.1 Poison Magic


You had 7 spell levels left.
You knew the following spells:

 Your Spells              Type           Power        Failure   Level  Hunger
a - Sting                 Conj/Pois      ####         1%          1    None
b - Poisonous Vapours     Pois/Air       #####.       1%          2    None
c - Mephitic Cloud        Conj/Pois/Air  ####....     4%          3    None
d - Olgreb's Toxic Radia  Pois           ######..     2%          4    ###....
e - Confuse               Hex            ####....     4%          3    None
f - Ensorcelled Hibernat  Hex/Ice        ####..       2%          2    None


Dungeon Overview and Level Annotations

Branches:
Dungeon (9/15)             Temple (1/1) D:7
   Lair: D:8-11         Orc: D:9-12

Altars:
Ashenzari
Cheibriados
Dithmenos
Elyvilon
Fedhas
Gozag
Hepliaklqana
Kikubaaqudgha
Makhleb
Nemelex Xobeh
Okawaru
Qazlal
Ru
Sif Muna
Trog
Uskayaw
Vehumet
Wu Jian
Xom
Yredelemnul
Zin
The Shining One
Beogh

Shops:
D:4 (   D:5 [

Annotations:
D:5 exclusion: downstairs


Innate Abilities, Weirdness & Mutations

You are very small and have problems with some larger weapons.
You are too small for most types of armour.
You have supernaturally acute eyesight. (SInv)
You are a herbivore.
You cover ground extremely quickly.
You need consume almost no food.


Message History

A scorpion comes into view.
You are engulfed in calcifying dust.
The iguana is engulfed in calcifying dust.
The catoblepas gores you! The hungry ghost hits you.
You are feeling very hungry.
A two-headed ogre comes into view.
It is wielding a giant spiked club and a giant club.
The catoblepas gores you!! The hungry ghost hits you.
* * * LOW HITPOINT WARNING * * *
You are near starving!
The catoblepas barely misses you. The hungry ghost hits you.
You feel quite a bit more hungry.
The catoblepas breathes a plume of calcifying dust at you.
The blast of calcifying dust hits you!
* * * LOW HITPOINT WARNING * * *
The hungry ghost hits you.
You are starving!
You are engulfed in calcifying dust.
The two-headed ogre hits you with a giant spiked club!!
You die...
Your body disappears without a glow.

####.....#..#..#...§.###.#......#
.........#######......##.#...####
.........#..#..#.§.......#...#.#.
....###.....#...§.###....#...+.#.
.....#.....###.....#.........#.#.
..#..#..#.......#..#..#.....)..#.
..#######.....sl#######........#.
.. #..###HY#..#..#..###...#. ..
....#.oW@..#......#....##
.#.$#%.#OO###..#..#..#..# ..
######..§....#######.## ..
#..#.......#..#..#.#. #..
#.....###.....#....#.
##.....#.....###...#)
......#..#..#........#.
..|⌠}..#######.......##. .......
#..#).).....#.


You could see a catoblepas, a two-headed ogre, a hippogriff, a hungry ghost, an
ogre, a scorpion, an iguana (petrified) and an orc.

Vanquished Creatures
  3 two-headed ogres (D:9)
  An unseen horror (D:9)
  Pikel (D:7)
  A troll (D:9)
  2 hippogriffs (D:8)
  A wyvern (D:6)
  A wraith (D:9)
  2 yaks (D:7)
  2 hogs (D:7)
  A human (D:7)
  A black bear (D:9)
  2 orc warriors (D:9)
  3 slaves (D:7)
  3 sky beasts
  3 centaurs
  8 ogres
  3 big kobolds
  2 bullfrogs
  A gnoll sergeant (D:7)
  2 scorpions
  A water moccasin skeleton (D:8)
  5 wights (D:6)
  4 crimson imps
  3 howler monkeys
  2 bullfrog zombies
  A centaur zombie (D:8)
  2 quasits
  2 centaur skeletons
  Crazy Yiuf (D:2)
  A jelly (D:5)
  A gnoll shaman (D:9)
  4 orc priests
  A bullfrog skeleton (D:4)
  3 hounds
  Ijyb (D:4)
  An iguana (D:4)
  7 orc wizards
  3 worker ants (D:5)
  4 hound skeletons
  9 gnolls
  9 adders
  2 shadow imps
  An ooze (D:2)
  6 adder skeletons
  2 adder zombies
  A worm (D:2)
  4 dart slugs
  6 leopard geckos
  21 orcs
  3 ball pythons
  7 giant cockroaches
  6 goblins
  8 hobgoblins
  14 jackals
  18 kobolds
  8 quokkas
  11 bats
  5 frilled lizards
  A goblin skeleton (D:8)
  2 goblin zombies (D:8)
  A hobgoblin zombie (D:8)
  2 kobold zombies (D:8)
  An orc skeleton (D:8)
  2 quokka skeletons
  7 rats
247 creatures vanquished.

Vanquished Creatures (others)
  A slave (D:7)
  An adder (D:6)
2 creatures vanquished.

Grand Total: 249 creatures vanquished

Notes
Turn   | Place    | Note
-------+----------+-------------------------------------------
     0 | D:1      | Kohma the Spriggan Venom Mage began the quest for the Orb.
     0 | D:1      | Reached XP level 1. HP: 9/9 MP: 5/5
   259 | D:1      | Reached XP level 2. HP: 13/13 MP: 3/6
   263 | D:1      | Learned a level 2 spell: Poisonous Vapours
  1034 | D:1      | Reached XP level 3. HP: 16/16 MP: 0/8
  1550 | D:2      | Noticed a scorpion
  1561 | D:2      | Killed a scorpion
  1561 | D:2      | Reached skill level 5 in Dodging
  1561 | D:2      | Reached XP level 4. HP: 18/21 MP: 1/10
  1681 | D:2      | Learned a level 3 spell: Mephitic Cloud
  1686 | D:2      | Learned a level 4 spell: Olgreb's Toxic Radiance
  2013 | D:2      | Found a glowing silver altar of Zin.
  3245 | D:2      | Reached XP level 5. HP: 24/24 MP: 6/11
  3296 | D:2      | Found a runed door.
  3300 | D:2      | Noticed Crazy Yiuf
  3322 | D:2      | Killed Crazy Yiuf
  3862 | D:3      | Found a deep blue altar of Sif Muna.
  4013 | D:3      | Noticed a sky beast
  4020 | D:3      | Killed a sky beast
  4020 | D:3      | Reached XP level 6. HP: 28/28 MP: 2/13
  4244 | D:3      | Noticed an ice beast
  4722 | D:4      | Noticed Ijyb
  4726 | D:4      | Killed Ijyb
  4806 | D:4      | Got a smoking whip
  4818 | D:4      | Reached skill level 5 in Spellcasting
  5029 | D:4      | Learned a level 3 spell: Confuse
  5032 | D:4      | Learned a level 2 spell: Ensorcelled Hibernation
  5120 | D:4      | Found a roughly hewn altar of Beogh.
  5256 | D:4      | Found Vymoley's Antique Weapon Shop.
  5259 | D:4      | Identified the cursed +0 whip of Inference {drain, Int+3} (You found it on level 4 of the Dungeon)
  5936 | D:4      | Reached skill level 1 in Hexes
  5936 | D:4      | Reached XP level 7. HP: 32/32 MP: 10/16
  6114 | D:5      | Entered Level 5 of the Dungeon
  6224 | D:5      | Reached skill level 1 in Ice Magic
  7382 | D:5      | Found Muocot's Antique Armour Shoppe.
  7389 | D:5      | Bought a glowing hat for 210 gold pieces
  7476 | D:5      | Reached skill level 1 in Conjurations
  7476 | D:5      | Reached skill level 5 in Hexes
  7476 | D:5      | Reached XP level 8. HP: 36/36 MP: 10/18
  8345 | D:6      | Reached skill level 4 in Stealth
  8590 | D:6      | Reached skill level 1 in Short Blades
  8590 | D:6      | Reached skill level 5 in Stealth
  8649 | D:6      | Reached skill level 5 in Poison Magic
  8821 | D:6      | Reached skill level 6 in Stealth
  9095 | D:6      | Reached skill level 7 in Stealth
  9205 | D:6      | Reached XP level 9. HP: 39/39 MP: 9/19
  9332 | D:6      | Reached skill level 8 in Stealth
  9967 | D:7      | Found a bloodstained altar of Trog.
 10189 | D:7      | Reached skill level 9 in Stealth
 10195 | D:7      | Found a staircase to the Ecumenical Temple.
 10200 | Temple   | Entered the Ecumenical Temple
 10366 | Temple   | Became a worshipper of Nemelex Xobeh the Trickster
 10403 | Temple   | Received a gift from Nemelex Xobeh
 10465 | D:7      | Noticed Pikel
 10484 | D:7      | Killed Pikel
 10484 | D:7      | Reached skill level 10 in Stealth
 10649 | D:7      | Reached skill level 5 in Short Blades
 11696 | D:8      | Reached XP level 10. HP: 44/44 MP: 8/20
 11751 | D:8      | Found a glowing golden altar of the Shining One.
 12973 | D:8      | Reached skill level 1 in Air Magic
 13005 | D:8      | Received a gift from Nemelex Xobeh
 13207 | D:9      | Reached * piety under Nemelex Xobeh
 13275 | D:9      | Noticed a two-headed ogre
 13302 | D:9      | Killed a two-headed ogre
 13709 | D:9      | Noticed a two-headed ogre
 13722 | D:9      | Killed a two-headed ogre
 13775 | D:9      | Noticed a two-headed ogre
 13940 | D:9      | Killed a two-headed ogre
 14554 | D:9      | Noticed a catoblepas
 14747 | D:9      | Noticed an unseen horror
 14750 | D:9      | Killed an unseen horror
 14750 | D:9      | Reached XP level 11. HP: 47/47 MP: 18/21
 14770 | D:9      | Noticed a two-headed ogre
 14773 | D:9      | Slain by a two-headed ogre

Skill      XL: |  1  2  3  4  5  6  7  8  9 10 |
---------------+-------------------------------+-----
Spellcasting   | 3 4 5 6 |  6.0
Dodging        | 4 5 7 8 |  8.0
Poison Magic   | 4 5 7 9 |  9.1
Hexes          | 1 5 |  5.1
Ice Magic      | 2 4 |  4.1
Conjurations   | 1 2 |  2.2
Stealth        | 7 10 | 10.2
Short Blades   | 2 6 8 |  8.3
Air Magic      | 3 |  3.7

Action                   |  1- 3 |  4- 6 |  7- 9 | 10-12 || total
-------------------------+-------+-------+-------+-------++-------
Melee: Unarmed           |     1 |       |       |       ||     1
       Dagger            |    10 |    23 |   106 |       ||   139
       Short sword       |       |    19 |     7 |   120 ||   146
 Cast: Sting             |    21 |     5 |       |       ||    26
       Poisonous Vapours |    27 |    91 |   125 |    84 ||   327
       Confuse           |       |     3 |    32 |    21 ||    56
       Olgreb's Toxic Ra |       |     1 |    11 |     2 ||    14
       Ensorcelled Hiber |       |       |    23 |    10 ||    33
       Mephitic Cloud    |       |       |     6 |       ||     6
  Use: Scroll            |       |    12 |     8 |       ||    20
       Potion            |       |       |     1 |       ||     1
 Stab: Sleeping          |       |     1 |    11 |     6 ||    18
       Confused          |       |     1 |     8 |     7 ||    16
       Distracted        |       |       |       |     1 ||     1
  Eat: Ration            |       |     3 |     5 |     1 ||     9
Armor: Robe              |     4 |     2 |    10 |     5 ||    21
       Troll leather arm |       |       |       |     7 ||     7
Dodge: Dodged            |    26 |    42 |   143 |   106 ||   317
